 Dungeon Crawl Stone Soup version 0.29-a0-383-g8b6f518c11 (webtiles) character file.

Game seed: 12022158766289931288

139 Bruhh the Slasher (level 5, -1/45 HPs)
             Began as a Merfolk Fighter on May 6, 2022.
             Slain by a gnoll
             ... wielding a +2 vorpal spear
              (2 damage)
             ... on level 2 of the Dungeon.
             The game lasted 00:02:39 (1672 turns).

Bruhh the Slasher (Merfolk Fighter)                 Turns: 1672, Time: 00:02:40

Health: -1/45      AC:  7    Str: 18    XL:     5   Next: 22%
Magic:  5/5        EV:  9    Int:  7    God:
Gold:   113        SH:  5    Dex: 16    Spells: 4/4 levels left

rFire   . . .      SeeInvis .   a - +0 long sword
rCold   . . .      Faith    .   c - +0 buckler
rNeg    . . .      Spirit   .   b - +0 scale mail
rPois   .          Reflect  .   j - +0 helmet
rElec   .          Harm     .   (no cloak)
rCorr   .          Rampage  .   (no gloves)
Will    .....                   (no boots)
Stlth   ..........              (no amulet)
HPRegen 0.15/turn               (no ring)
MPRegen 0.09/turn               (no ring)

@: no status effects
A: (nimble swimmer 2), mertail, robust 1, strong 1
a: no special abilities


You were on level 2 of the Dungeon.
You visited 1 branch of the dungeon, and saw 2 of its levels.

You collected 113 gold pieces.

Inventory:

Hand Weapons
 a - a +0 long sword (weapon)
Armour
 b - a +0 scale mail (worn)
 c - a +0 buckler (worn)
 j - a +0 helmet (worn)
Jewellery
 g - a ring of resist corrosion
Scrolls
 e - a scroll of brand weapon {unknown}
 i - 2 scrolls of teleportation {unknown}
 l - a scroll of summoning {unknown}
 m - 2 scrolls of identify {unknown}
 n - a scroll of blinking {unknown}
 o - a scroll of immolation {unknown}
Potions
 d - a potion of curing {unknown}


   Skills:
 - Level 3.2 Fighting
 + Level 6.3 Long Blades
 - Level 2.1 Armour
 - Level 3.0 Shields


You had 4 spell levels left.
You didn't know any spells.
Your spell library contained the following spells:

 Spells                   Type           Power      Damage    Failure   Level
 Animate Skeleton         Necr           0%         N/A       89%         1
 Apportation              Tloc           0%         N/A       89%         1
 Summon Small Mammal      Summ           0%         N/A       89%         1


Dungeon Overview and Level Annotations

Branches:
Dungeon (2/15)

Altars:


Innate Abilities, Weirdness & Mutations

((You are very nimble when in or above water. (Stealth+, EV+, Speed+++)))
Your lower body shifts to a powerful aquatic tail in water.
You are robust. (+10% HP)
Your muscles are strong. (Str +2)


Message History

You are too injured to fight recklessly!
You are too injured to fight recklessly!
You are too injured to fight recklessly!
You are too injured to fight recklessly!
You are too injured to fight recklessly!
You are too injured to fight recklessly!
You are too injured to fight recklessly!
You are too injured to fight recklessly!
You are too injured to fight recklessly!
You are too injured to fight recklessly!
You are too injured to fight recklessly!
You are too injured to fight recklessly!
You are too injured to fight recklessly!
You are too injured to fight recklessly!
You are too injured to fight recklessly!
You are too injured to fight recklessly!
You are too injured to fight recklessly!
You are too injured to fight recklessly!
You are too injured to fight recklessly!
The gnoll attacks as you move away! The gnoll barely misses you.
The gnoll attacks as you move away! You block the gnoll's attack.
You hit the gnoll.
The gnoll is moderately wounded.
The gnoll hits you but does no damage. You block the gnoll's attack.
You closely miss the gnoll.
The gnoll is moderately wounded.
The gnoll hits you with a +0 whip!
* * * LOW HITPOINT WARNING * * *
The gnoll misses you.
There are monsters nearby!
There are monsters nearby!
It was a potion of mutation.
You feel extremely strange.
You feel stronger.
You feel robust. The gnoll hits you but does no damage.
The gnoll closely misses you.
You barely miss the gnoll.
The gnoll is lightly wounded.
The gnoll barely misses you.
The gnoll hits you from afar with a +2 vorpal spear.
* * * LOW HITPOINT WARNING * * *
You die...

#.# #.#####.....#.#...
#.####'####......#.#.#.
#########.##......##.#####.#...
###......>...'......##...........
.............#......########.#.##
.............#......# #...(....
....##########..†...# #.##.....
##### #......# # #.#... #..@...#
...#.## #..g...# #####.##
#..g...# #.## ###.#### #..+ #.#
#### # ##.## # . #.).# #
#...8.).# #..#...#..# ##


You could see 2 gnolls.

Vanquished Creatures
  An orc priest (D:2)
  2 orc wizards (D:2)
  2 gnolls
  An adder (D:2)
  A worm (D:2)
  A dart slug (D:2)
  An orc (D:2)
  3 endoplasms
  2 giant cockroaches
  2 hobgoblins (D:2)
  2 quokkas (D:2)
  2 ball pythons (D:1)
  7 bats
  A kobold (D:1)
  A rat (D:2)
29 creatures vanquished.

Notes
Turn   | Place    | Note
-------+----------+-------------------------------------------
     0 | D:1      | Bruhh the Merfolk Fighter began the quest for the Orb.
     0 | D:1      | Reached XP level 1. HP: 18/18 MP: 1/1
   305 | D:1      | Reached skill level 3 in Long Blades
   305 | D:1      | Reached XP level 2. HP: 21/24 MP: 2/2
   357 | D:1      | Found a faded altar of an unknown god.
   478 | D:1      | Reached skill level 4 in Long Blades
   672 | D:2      | Reached XP level 3. HP: 12/29 MP: 3/3
  1376 | D:2      | HP: 1/29 [orc wizard/+0 dagger (3)]
  1380 | D:2      | Reached skill level 5 in Long Blades
  1380 | D:2      | Reached XP level 4. HP: 14/35 MP: 4/4
  1385 | D:2      | Reached skill level 6 in Long Blades
  1385 | D:2      | Reached XP level 5. HP: 18/41 MP: 5/5
  1671 | D:2      | Gained mutation: Your muscles are strong. (Str +2) [potion
                  | of mutation]
  1671 | D:2      | Gained mutation: You are robust. (+10% HP) [potion of
                  | mutation]
  1672 | D:2      | HP: 1/45 [gnoll/+2 vorpal spear (6)]
  1672 | D:2      | Slain by a gnoll

Illustrated notes

Levels and vault maps discovered:
D:1:      wheals_arrival_shading, layout_loops_ring,
          hellmonk_ecumenical_altar_inner_sanctum, due_unseen_surprise
D:2:      wad_crossroads, layout_basic, minmay_misc_feat_encased

Skill      XL: |  1  2  3  4 |
---------------+-------------+-----
Long Blades    | 3 4 5 6 |  6.3
Fighting       | |  3.2
Armour         | |  2.1
Shields        | |  3.0

Action                   |  1- 3 |  4- 6 || total
-------------------------+-------+-------++-------
Melee: Long sword        |    62 |    20 ||    82
  Use: Potion            |     4 |     1 ||     5
Armor: Scale mail        |    33 |    10 ||    43
Dodge: Dodged            |    37 |     9 ||    46
Block: Buckler           |    13 |     4 ||    17

Table legend: (Time is in decaauts)
 A = Elapsed time spent in this place.
 B = Non-inter-level travel time spent in this place.
 C = Inter-level travel time spent in this place.
 D = Time resting spent in this place.
 E = Time spent auto-exploring this place.
 F = Levels seen in this place.
 G = Mean time per level.
                   A        B        C        D        E       F      G
               +--------+--------+--------+--------+--------+-----+--------+
         Total |   1689 |   1681 |      8 |      0 |   1465 |   2 |  844.5 |
       Dungeon |   1689 |   1681 |      8 |      0 |   1465 |   2 |  844.5 |
               +--------+--------+--------+--------+--------+-----+--------+

Top non-repeatable levels by time:
     D:2: 1032 daAuts
     D:1: 657 daAuts
